 Dungeon Crawl Stone Soup version 0.21-a0-94-gdd6ab6a (webtiles) character file.

91 nubinia the Gusty (level 4, -4/24 HPs)
             Began as a Tengu Air Elementalist on July 1, 2017.
             Killed from afar by Natasha (6 damage)
             ... with a magic dart
             ... on level 2 of the Dungeon.
             The game lasted 00:06:32 (1521 turns).

nubinia the Gusty (Tengu Air Elementalist)          Turns: 1521, Time: 00:06:33

Health: -4/24      AC:  2    Str:  8    XL:     4   Next: 59%
Magic:  0/9        EV: 13    Int: 16    God:
Gold:   94         SH:  0    Dex: 15    Spells: 2/8 levels left

rFire    . . .     SeeInvis .   d - +0 club
rCold    . . .     Gourm    .   (no shield)
rNeg     . . .     Faith    .   a - +0 robe
rPois    .         Spirit   .   (helmet restricted)
rElec    .         Reflect  .   (no cloak)
rCorr    .         Harm     .   (no gloves)
MR       .....                  (boots unavailable)
Stlth    ++........             (no amulet)
HPRegen  0.08/turn              (no ring)
MPRegen  0.11/turn              (no ring)

@: very slightly contaminated
A: beak, talons 3
a: no special abilities


You were on level 2 of the Dungeon.
You were not hungry.

You visited 1 branch of the dungeon, and saw 2 of its levels.

You collected 94 gold pieces.

Inventory:

Hand Weapons
 d - a +0 club (weapon)
Armour
 a - a +0 robe (worn)
Scrolls
 e - a scroll of remove curse {unknown}
 i - a scroll of amnesia {unknown}
 j - a scroll of immolation {unknown}
 k - a scroll of noise {unknown}
 l - 4 scrolls of blinking {unknown}
 m - a scroll of enchant armour {unknown}
 o - a scroll of identify
 p - a scroll of fog {unknown}
Potions
 f - a potion of flight
 h - a potion of curing
 n - a potion of heal wounds {unknown}
Books
 b - a book of Air

   Spells                             Type                      Level
   a - Shock                          Conjuration/Air              1
   b - Swiftness                      Charms/Air                   2
   c - Static Discharge               Conjuration/Air              3
   d - Airstrike                      Air                          4
   e - Lightning Bolt                 Conjuration/Air              5
Comestibles
 c - 2 bread rations
 g - a royal jelly


   Skills:
 + Level 0.2 Fighting
 + Level 2.5 Dodging
 + Level 2.7 Stealth
 + Level 2.7 Spellcasting
 + Level 2.1 Conjurations
 + Level 5.2 Air Magic


You had 2 spell levels left.
You knew the following spells:

 Your Spells              Type           Power        Failure   Level  Hunger
a - Shock                 Conj/Air       ##..         4%          1    #......
b - Static Discharge      Conj/Air       ##......     13%         3    ###....
s - Swiftness             Chrm/Air       ##......     10%         2    ##.....


Dungeon Overview and Level Annotations

Branches:
Dungeon (2/15)

Altars:

Annotations:
D:2 Natasha


Innate Abilities, Weirdness & Mutations

You have a beak for a mouth.
You have claws for feet.


Message History

Unknown command.
Casting: Shock
Confirm with . or Enter, or press ? or * to list all spells.
Aiming: Shock
Press: ? - help, Shift-Dir - straight line, f/p - Natasha
Aim: Natasha (severely wounded)
The zap misses Natasha.
Natasha claws you.
* * * LOW HITPOINT WARNING * * *
Unknown command.
Unknown command.
Unknown command.
Casting: Shock
Confirm with . or Enter, or press ? or * to list all spells.
Aiming: Shock
Press: ? - help, Shift-Dir - straight line, f/p - Natasha
Aim: Natasha (severely wounded)
You miscast Shock.
The wind howls around you! Natasha casts a spell at you.
The magic dart hits you!
You die...

####+###
##......##
#.....÷..#
#...♣♣...########
+..♣ ♣♣..#......#
#..♣♣♣♣..'.####.#
#...♣♣...### #.#
#.@......#.. #.#
##.h....###. #.###
###'######.###....
.# ...##.### .#
#..##<# .# #..##.#
.#.####.<##.###
.#.............
.#.#####.######


You could see Natasha.

Vanquished Creatures
  Natasha (twice) (D:2)
  An ooze (D:1)
  2 leopard geckos (D:1)
  A ball python (D:2)
  4 bats
  A giant cockroach (D:2)
  5 goblins (D:1)
  6 hobgoblins
  3 jackals (D:1)
  2 kobolds (D:1)
  4 frilled lizards
  3 rats (D:1)
34 creatures vanquished.

Notes
Turn   | Place    | Note
-------+----------+-------------------------------------------
     0 | D:1      | nubinia the Tengu Air Elementalist began the quest for the Orb.
     0 | D:1      | Reached XP level 1. HP: 10/10 MP: 4/4
     2 | D:1      | Noticed an elf
     2 | D:1      | Noticed a demonspawn
     4 | D:1      | Noticed a felid
     6 | D:1      | Noticed a vine stalker
     6 | D:1      | Noticed a naga
     8 | D:1      | Noticed a draconian
     8 | D:1      | Noticed a vampire
    10 | D:1      | Noticed a centaur
    12 | D:1      | Noticed a ghoul
    12 | D:1      | Noticed a minotaur
    14 | D:1      | Noticed a gargoyle
    14 | D:1      | Noticed a spriggan
    16 | D:1      | Noticed an octopode
    16 | D:1      | Noticed a merfolk
    18 | D:1      | Noticed a demigod
    18 | D:1      | Noticed a halfling
    20 | D:1      | Noticed a troll
    20 | D:1      | Noticed an ogre
    22 | D:1      | Noticed a human
    24 | D:1      | Noticed a dwarf
    26 | D:1      | Noticed a formicid
    26 | D:1      | Noticed a tengu
   208 | D:1      | Reached XP level 2. HP: 15/15 MP: 4/6
   212 | D:1      | Learned a level 2 spell: Swiftness
   666 | D:1      | Reached XP level 3. HP: 19/19 MP: 5/7
   671 | D:1      | Learned a level 3 spell: Static Discharge
  1120 | D:2      | Noticed Natasha
  1125 | D:2      | Killed Natasha
  1125 | D:2      | Reached skill level 5 in Air Magic
  1125 | D:2      | Reached XP level 4. HP: 24/24 MP: 1/9
  1272 | D:2      | Noticed Natasha
  1280 | D:2      | Killed Natasha
  1511 | D:2      | Noticed Natasha
  1521 | D:2      | Killed from afar by Natasha

Vault maps used:
D:1:      kb_arrival_jail
D:2:      kennysheep_another_room, uniq_natasha, uniq_sigmund, uniq_jessica

Skill      XL: |  1  2  3  4 |
---------------+-------------+-----
Air Magic      | 5 |  5.2
Conjurations   | 2 |  2.1
Fighting       | |  0.2
Dodging        | |  2.5
Stealth        | |  2.7
Spellcasting   | |  2.7

Action                   |  1- 3 |  4- 6 || total
-------------------------+-------+-------++-------
Melee: Club              |    25 |     8 ||    33
       Kick              |     4 |     3 ||     7
       Peck              |     1 |     1 ||     2
 Cast: Shock             |    52 |    15 ||    67
  Use: Potion            |     1 |       ||     1
       Scroll            |       |     1 ||     1
 Stab: Sleeping          |     1 |       ||     1
  Eat: Chunk             |     1 |     2 ||     3
Armor: Robe              |     8 |       ||     8
Dodge: Dodged            |    20 |     9 ||    29
